 Seeded DCSS version 0.29.1-15-g9cfb28693d (webtiles) character file.

Game seed: 9529714651559989746 (custom seed)

8 Psyclone the Firebug (level 2, 15/15 HPs)
             Began as a Deep Elf Fire Elementalist on Sept 21, 2023.
             Quit the game on level 1 of the Dungeon.
             The game lasted 00:00:52 (184 turns).

Psyclone the Firebug (Deep Elf Fire Elementalist)    Turns: 184, Time: 00:00:53

Health: 15/15      AC:  2    Str:  5    XL:     2   Next: 0%
Magic:  8/8        EV: 12    Int: 19    God:
Gold:   2447       SH:  0    Dex: 15    Spells: 6/7 levels left

rFire   . . .      SeeInvis .   (no weapon)
rCold   . . .      Faith    .   (no shield)
rNeg    . . .      Spirit   .   a - +0 robe
rPois   .          Reflect  .   (no helmet)
rElec   .          Harm     .   (no cloak)
rCorr   .          Rampage  .   (no gloves)
Will    .....                   (no boots)
Stlth   ++........              (no amulet)
HPRegen 0.05/turn               (no ring)
MPRegen 0.11/turn               (no ring)

@: no status effects
A: no striking features
a: no special abilities


You were on level 1 of the Dungeon.
You visited 1 branch of the dungeon, and saw 1 of its levels.

You collected 2447 gold pieces.

Inventory:

Armour
 a - a +0 robe (worn)
Jewellery
 e - a ring of poison resistance
Scrolls
 c - a scroll of fear {unknown}
 d - a scroll of acquirement
Potions
 b - a potion of magic


   Skills:
 + Level 2.6 Dodging
 + Level 2.6 Stealth
 + Level 3.2 Spellcasting
 + Level 1.3 Conjurations
 + Level 3.4 Fire Magic


You had 6 spell levels left.
You knew the following spells:

 Your Spells              Type           Power      Damage    Failure   Level
a - Foxfire               Conj/Fire      48%        2x1d6     5%          1

Your spell library contained the following spells:

 Spells                   Type           Power      Damage    Failure   Level
 Scorch                   Fire           32%        2d6       5%          2
 Conjure Flame            Conj/Fire      12%        6-21      17%         3
 Inner Flame              Hex/Fire       9%         N/A       22%         3
 Flame Wave               Conj/Fire      12%        2d6       50%         4


Dungeon Overview and Level Annotations

Branches:
Dungeon (1/15) Zot: 5816

Altars:


Message History

You conjure some foxfire!
The foxfire hits the hobgoblin.
The hobgoblin is severely wounded.
You now have 3/6 mp.
Casting: Foxfire (safe; 6% risk of failure)
Confirm with . or Enter, or press ? or * to list all spells.
You conjure some foxfire!
The foxfire hits the hobgoblin.
You kill the hobgoblin!
A ball python comes into view.
You now have 2/6 mp.
Casting: Foxfire (safe; 6% risk of failure)
Confirm with . or Enter, or press ? or * to list all spells.
You conjure some foxfire!
The foxfire hits the frilled lizard.
You kill the frilled lizard!
The foxfire hits the ball python.
You kill the ball python!
You now have 1/6 mp.
Casting: Foxfire (safe; 5% risk of failure)
Confirm with . or Enter, or press ? or * to list all spells.
You conjure some foxfire!
The foxfire hits the ball python.
You kill the ball python!
You have reached level 2!
Health restored: 15 You now have 0/8 mp.
Your foxfire dissipates! x3
Your magical contamination has completely faded away.
You start resting.
Magic restored.
MP restored: 8
c - a scroll labelled YPHAEM YSAJA You open the door.
Found a tourmaline ring.
Found 3 scrolls labelled CIAPHO AJOLYPH.
There is an open door here.
d - 3 scrolls labelled CIAPHO AJOLYPH
e - a ring of poison resistance This is a scroll of acquirement!
Something appears at your feet! Something appears at your feet!
Unknown command.
You now have 2447 gold pieces (gained 2432).
Are you sure you want to abandon this character and quit the game? (Confirm with "yes".)

# # # # ########
## #......#
.######## #.....@#
........# #......#
......#####......#
....†.....'......+
......#####......#
........ ..#######
...........
##+##...... ..
.......


There were no monsters in sight!

Vanquished Creatures
  A bat (D:1)
  A goblin (D:1)
  A hobgoblin (D:1)
  A quokka (D:1)
  2 ball pythons (D:1)
  A frilled lizard (D:1)
  A rat (D:1)
8 creatures vanquished.

Vanquished Creatures (others)
  20 foxfires (D:1)
20 creatures vanquished.

Grand Total: 28 creatures vanquished

Notes
Turn   | Place    | Note
-------+----------+-------------------------------------------
     0 | D:1      | Psyclone the Deep Elf Fire Elementalist began the quest for
                  | the Orb.
     0 | D:1      | Reached XP level 1. HP: 10/10 MP: 6/6
    90 | D:1      | Reached XP level 2. HP: 15/15 MP: 0/8
   179 | D:1      | Identified 3 scrolls of acquirement
   179 | D:1      | Acquired 1361 gold pieces
   180 | D:1      | Acquired 1071 gold pieces
   184 | D:1      | Quit the game

Illustrated notes

Levels and vault maps discovered:
D:1:      minmay_arrival_four_circles, layout_basic, serial_shops,
          nicolae_shop_trees, nicolae_eternal_life, st_stairs_1,
          minmay_small_reverse_x

Action                   || total
-------------------------++-------
 Cast: Foxfire           ||    11
  Use: Scroll            ||     2
Armor: Robe              ||     1
